Map: Blackpink РВ

Players

Skabon - Winner!

  • Race: Zerg Zerg
  • League: Diamond
  • Spawn Location: 7:00

ИИ 1 (эксперт)

  • Race: Terran Terran
  • Spawn Location: 1:00

VOD

Have the link to the VOD?

Description

Time

  • Played on: April 19, 2018, 10:01 a.m.
  • Length: 7:38
Show
View Real Time Build Order
Export as new Build Order

Skabon Zerg - Winner!

Build Orders: Hatch First 

Get SALT Encoding   

  12  0:00  Drone  
  13  0:12  Overlord  
  13  0:17  Drone  
  14  0:30  Drone x2  
  14  0:34  Drone  
  17  0:52  Hatchery  
  17  0:54  Drone  
  17  0:57  Drone  
  18  1:07  Extractor  
  17  1:13  Spawning Pool  
  17  1:14  Drone  
  17  1:18  Drone  
  18  1:28  Drone  
  19  1:38  Overlord  
  19  1:50  Drone  
  20  2:00  Queen, Zergling x2  
  23  2:04  Queen, Zergling x2  
  23  2:06  Metabolic Boost  
  26  2:10  Drone  
  26  2:15  Drone  
  28  2:21  Drone  
  29  2:26  Drone  
  30  2:32  Drone  
  30  2:36  Overlord  
  31  2:43  Queen  
  33  2:44  Pneumatized Carapace  
  33  2:47  Drone x2  
  35  2:55  Drone  
  35  2:57  Overlord  
  36  3:14  Drone x2  
  36  3:15  Drone, Hatchery  
  38  3:23  Drone x2  
  38  3:24  Drone x2  
  42  3:30  Overlord  
  42  3:31  Overlord  
  42  3:38  Queen  
  42  3:41  Extractor  
  43  3:43  Extractor  
  43  3:48  Overlord  
  42  3:55  Zergling x6  
  45  4:01  Drone x4  
  45  4:02  Drone x2  
  51  4:08  Lair  
  51  4:15  Evolution Chamber  
  51  4:17  Queen  
  51  4:26  Drone x4  
  55  4:34  Drone, Roach Warren  
  55  4:45  Overlord x3  
  55  4:52  Zerg Ground Armor Level 1  
  55  5:01  Queen  
  57  5:14  Roach  
  57  5:15  Roach x3  
  57  5:19  Glial Reconstitution  
  57  5:20  Roach  
  57  5:21  Roach x3  
  73  5:32  Overlord  
  73  5:33  Overlord  
  73  5:34  Roach  
  73  5:35  Roach x2  
  81  5:50  Roach x6  
  81  5:52  Overseer  
  91  6:01  Roach  
  91  6:02  Roach x3  
  99  6:05  Overlord  
  99  6:11  Overlord x2  
  100  6:18  Ravager x2  
  100  6:19  Ravager x2  
  100  6:20  Zergling x6  
  100  6:21  Zergling x2  
  107  6:29  Roach x3  
  107  6:31  Zergling x4  
  102  6:49  Roach  
  102  6:50  Roach x6  
  102  7:05  Roach  
  102  7:06  Roach x4  
  110  7:10  Zergling x2  
  110  7:11  Zergling x10  
Show
View Real Time Build Order
Export as new Build Order

ИИ 1 (эксперт) Terran 

Build Orders: MMM Bio 

Get SALT Encoding   

  12  0:00  SCV  
  13  0:13  SCV  
  14  0:19  Supply Depot  
  14  0:25  SCV  
  15  0:41  SCV  
  16  0:44  Barracks  
  16  0:53  SCV  
  17  1:05  SCV  
  18  1:17  SCV  
  19  1:19  Supply Depot  
  19  1:23  Refinery  
  19  1:29  SCV  
  19  1:31  Marine  
  21  1:41  SCV  
  22  1:49  Marine  
  22  1:51  Barracks  
  22  1:53  SCV  
  24  1:56  Refinery  
  24  2:03  Supply Depot  
  24  2:06  SCV  
  24  2:07  Marine  
  26  2:18  SCV  
  27  2:25  Marine  
  27  2:26  Factory  
  28  2:30  SCV  
  29  2:38  Marine  
  29  2:42  SCV  
  29  2:43  Marine  
  32  2:54  SCV  
  32  2:56  Marine  
  34  3:00  Marine  
  35  3:06  SCV  
  35  3:07  Barracks  
  36  3:14  Marine  
  36  3:18  SCV  
  36  3:19  Barracks Tech Lab  
  38  3:20  Factory Tech Lab  
  38  3:31  SCV  
  38  3:32  Barracks Tech Lab, Supply Depot  
  38  3:43  SCV  
  39  3:54  Marine x2, Stimpack  
  39  3:55  SCV  
  42  4:06  Combat Shields  
  42  4:07  SCV  
  43  4:19  SCV  
  44  4:27  Supply Depot  
  44  4:31  SCV  
  45  4:41  Marauder, Barracks Reactor  
  45  4:44  Barracks  
  47  4:45  SCV  
  47  4:47  Starport  
  47  4:49  Marauder  
  47  4:50  Supply Depot  
  49  4:53  Command Center  
  49  5:03  Marauder  
  51  5:07  Orbital Command  
  51  5:15  Marauder  
  53  5:22  Marine  
  53  5:24  Marauder  
  53  5:25  Starport Reactor  
  56  5:35  Engineering Bay  
  56  5:36  Marauder  
  58  5:46  Supply Depot  
  58  5:49  Marauder  
  60  5:57  Marauder  
  60  5:59  Concussive Shells  
  62  6:06  Engineering Bay  
  62  6:08  SCV  
  62  6:11  SCV  
  64  6:17  Marine  
  65  6:18  Marine  
  65  6:20  SCV  
  65  6:23  SCV  
  68  6:29  Medivac  
  68  6:32  SCV  
  71  6:35  Marauder, SCV, Medivac  
  76  6:42  Marine x2  
  76  6:43  Marine  
  76  6:44  SCV  
  76  6:46  Marine  
  71  6:47  SCV  
  57  6:56  Marine, SCV  
  57  6:59  Marine  
  57  7:00  Marine  
  51  7:01  Marine  
Tags
 
Composition
MMM Bio
League
Diamond
Matchup
ЗvТ
Spawn Locations
Cross Positions
Add a new tag
Caveats
  • Supply blocks, unpowered buildings, or Contaminate may cause inaccurate times.
  • Supply counts are checked every 10 seconds.